 Dungeon Crawl Stone Soup version 0.31.0-11-ge490571c62 (webtiles) character file.

Game seed: 15124955764396710046

8 browni3141 the Shooter (level 2, 22/22 HPs)
             Began as a Demonspawn Hunter on Jan 31, 2024.
             Got out of the dungeon alive.
             The game lasted 00:00:03 (311 turns).

browni3141 the Shooter (Demonspawn Hunter)           Turns: 311, Time: 00:00:04

Health: 22/22      AC:  3    Str: 11    XL:     2   Next: 0%
Magic:  2/2        EV: 12    Int:  9    God:
Gold:   13         SH:  0    Dex: 16    Spells: 1/1 levels left

rFire   . . .        a - +0 shortbow
rCold   . . .        (shield currently unavailable)
rNeg    . . .        c - +0 leather armour
rPois   .            (helmet restricted)
rElec   .            (no cloak)
rCorr   .            (no gloves)
SInv    .            (no boots)
Will    .....        (no amulet)
Stlth   ++           (no ring)
HPRegen 0.23/turn    (no ring)
MPRegen 0.08/turn

%: no passive effects
@: no status effects
A: horns 1
a: no special abilities


You escaped.
You visited 1 branch of the dungeon, and saw 1 of its levels.

You collected 13 gold pieces.

Inventory:

Hand Weapons
 a - a +0 shortbow (weapon)
Missiles
 e - 4 silver javelins
Armour
 c - a +0 leather armour (worn)
Scrolls
 b - a scroll of butterflies
 d - a scroll of teleportation {unknown}
 g - a scroll of blinking {unknown}
Potions
 f - a potion of brilliance {unknown}


   Skills:
 + Level 2.2 Fighting
 + Level 3.7 Ranged Weapons
 + Level 2.0 Dodging
 + Level 1.2 Stealth


You had one spell level left.
You didn't know any spells.
Your spell library contained the following spells:

 Spells                   Type           Power      Damage    Failure   Level
 Fugue of the Fallen      Necr           0%         N/A       85%         3
 Mephitic Cloud           Conj/Alch/Air  0%         N/A       85%         3
 Ozocubu's Armour         Ice            0%         N/A       85%         3
 Brom's Barrelling Bould  Conj/Erth      0%         2d3       99%         4
 Manifold Assault         Tloc           0%         N/A       99%         4
 Petrify                  Alch/Erth      0%         N/A       99%         4
 Spellforged Servitor     Conj/Summ      0%         N/A       100%        7


Dungeon Overview and Level Annotations

Branches:
Dungeon (1/15)

Altars:


Innate Abilities, Weirdness & Mutations

You have a pair of small horns on your head.


Message History

Welcome, browni3141 the Demonspawn Hunter.
It's a long way down to the Orb of Zot, but that shouldn't be any trouble.
Press ? for a list of commands and other information.
Found 4 silver javelins and a gold piece.
Found a staircase leading out of the dungeon.
Setting a skill training target for Axes at 18.0.
Setting a skill training target for Invocations at 14.0.
Setting a skill training target for Throwing at 11.0.
You now have 1 gold piece.
d - a scroll labelled MYPPARYMEC No target in view!
e - 4 silver javelins No target in view!
There is an empty arch of ancient stone here.
You open the door.
There is an open door here.
You open the door.
There is an open door here.
Found a stone staircase leading down.
No target in view!
f - a smoky sapphire potion No target in view!
You pick up a book of Battle and begin reading...
You add the spells Fugue of the Fallen, Ozocubu's Armour and Manifold Assault to your library.
No target in view!
g - a scroll labelled KISHRE JOLUUFAS No target in view!
A ball python comes into view.
You shoot an arrow. The arrow hits the ball python.
You kill the ball python!
You see here a ball python corpse.
An endoplasm comes into view.
The endoplasm quivers.
You shoot an arrow. The arrow hits the endoplasm!
You kill the endoplasm!
Your Stealth skill increases to level 1!
You now have 13 gold pieces (gained 12).
A bat comes into view.
You shoot an arrow. The arrow hits the bat.
You kill the bat!
You see here a bat corpse.
You pick up the Spellbook of Heavy Damage and begin reading...
It was the Spellbook of Heavy Damage.
You add the spells Mephitic Cloud, Petrify, Brom's Barrelling Boulder and Spellforged Servitor to your library.
No target in view!
A jackal comes into view.
The jackal barks!
A jackal comes into view.
You shoot an arrow. The jackal barks!
The arrow hits the jackal!
You kill the jackal!
A jackal is nearby!
You shoot an arrow. The arrow closely misses the jackal.
A jackal is nearby!
You shoot an arrow. The arrow hits the jackal.
The jackal is heavily wounded.
A jackal is nearby!
You shoot an arrow.
The arrow hits the jackal but does no damage.
The jackal is heavily wounded.
The jackal bites you.
A jackal is nearby!
You shoot an arrow. The arrow hits the jackal!
You kill the jackal!
A jackal comes into view.
You shoot an arrow. The arrow closely misses the jackal.
The jackal barks!
The jackal barely misses you.
A jackal is nearby!
You shoot an arrow. The arrow hits the jackal!
You kill the jackal!
Your Dodging skill increases to level 2!
You have reached level 2!
Your demonic ancestry asserts itself...
A pair of horns grows on your head!
HP restored.
You open the door.
There is an open door here.
There is an open door here.
There is an empty arch of ancient stone here.
There is a staircase leading out of the dungeon here.
You have escaped!

..# #.#
###...............♣#
#.###.∩................#
#..##∩#...............##
####.....♣.....⌠......#
♣................#∩#
♣..............♣###.#
#..............# .#
#~.............# .#
###.@......♣..♣# .#
##...........# .#
##..♣....♣.##
###########


There were no monsters in sight!

Vanquished Creatures
  A ball python (D:1)
  A bat (D:1)
  An endoplasm (D:1)
  3 jackals (D:1)
6 creatures vanquished.

Notes
Turn   | Place    | Note
-------+----------+-------------------------------------------
     0 | D:1      | browni3141 the Demonspawn Hunter began the quest for the
                  | Orb.
     0 | D:1      | Reached XP level 1. HP: 16/16 MP: 1/1
   158 | D:1      | Reached skill level 1 in Stealth
   212 | D:1      | Got the Spellbook of Heavy Damage
   236 | D:1      | Gained mutation: You have a pair of small horns on your
                  | head. [demonic ancestry]
   236 | D:1      | Reached XP level 2. HP: 20/22 MP: 2/2
   311 | D:$      | Got out of the dungeon alive.

Illustrated notes

Levels and vault maps discovered:
D:1:      nzn_arrival_settlement, layout_loops_corners

Skill      XL: |  1 |
---------------+----+-----
Stealth        | 1 |  1.2
Dodging        | 2 |  2.0
Fighting       | |  2.2
Ranged Weapons | |  3.7

Action                     || total
---------------------------++-------
   Fire: Shortbow          ||    10
 Armour: Leather armour    ||     1
  Dodge: Dodged            ||     1
